 Dungeon Crawl Stone Soup version 0.20.1-1-g8b1a95d (webtiles) character file.

105710 JeffiDaFish the Thaumaturge (level 16, 0/96 HPs)
             Began as a Gargoyle Venom Mage on July 13, 2017.
             Was a High Priest of Sif Muna.
             Slain by a tentacle (19 damage)
             ... attached to a kraken
             ... on level 2 of the Shoals on July 15, 2017.
             The game lasted 02:25:44 (35574 turns).

JeffiDaFish the Thaumaturge (Gargoyle Venom Mage)  Turns: 35574, Time: 02:25:45

Health: 0/96       AC: 24    Str: 14    XL:     16   Next: 42%
Magic:  27/27      EV: 20    Int: 19    God:    Sif Muna [*****.]
Gold:   876        SH:  5    Dex: 15    Spells: 3/37 levels left

rFire    + + .     SeeInvis .   f - +8 whip (drain)
rCold    . . .     Gourm    .   a - +0 buckler
rNeg     + . .     Faith    .   x - +2 leather armour {rF+}
rPois    ∞         Spirit   .   D - +0 helmet
rElec    +         Reflect  .   P - +1 cloak
rCorr    .         Harm     .   s - +0 pair of gloves
MR       +....                  (no boots)
Stlth    ++++......             e - amulet of regeneration
Regen    0.7/turn               q - +4 ring of evasion
MPRegen  0.2/turn               o - +3 ring of dexterity

@: flying, divine energy
A: big wings, icy blue scales 1, fire resistance 1, low mp 1, negative energy
resistance 1, electricity resistance, unbreathing, petrification resistance, no
potion heal 1, rot immunity, AC +11
a: Stop Flying, Stop Divine Energy, Channel Magic, Forget Spell, Renounce
Religion


You were on level 2 of the Shoals.
You worshipped Sif Muna.
Sif Muna was extremely pleased with you.
You were very hungry.

You visited 5 branches of the dungeon, and saw 24 of its levels.

You collected 2458 gold pieces.
You spent 1582 gold pieces at shops.

Inventory:

Hand Weapons
 f - a +8 whip of draining (weapon)
Armour
 a - a +0 buckler (worn)
 s - a +0 pair of gloves (worn)
 x - a +2 leather armour of fire resistance (worn)
 D - a +0 helmet (worn)
 P - a +1 cloak (worn)
Jewellery
 e - an amulet of regeneration (around neck)
 j - an uncursed ring of protection from cold
 o - a +3 ring of dexterity (right hand)
 q - a +4 ring of evasion (left hand)
 H - an uncursed ring of protection from fire
Wands
 k - a wand of clouds (3/9)
Scrolls
 h - 10 scrolls of remove curse
 l - 2 scrolls of holy word
 u - a scroll of blinking
 v - a scroll of recharging
 A - 2 scrolls of magic mapping
 C - 3 scrolls of identify
 E - a scroll of brand weapon
 G - 2 scrolls of amnesia
 K - 2 scrolls of fear
 M - a scroll of summoning
Potions
 b - a potion of haste
 d - 10 potions of curing
 n - 2 potions of heal wounds
 p - 2 potions of magic
 r - 3 potions of brilliance
 B - a potion of resistance
 I - a potion of agility
Books
 J - Raluidghe's Disquisition on Excruciating Curses
   (Sif Muna gifted it to you on level 5 of the Lair of Beasts)

   Spells                             Type                      Level
   a - Shock                          Conjuration/Air              1
   b - Ensorcelled Hibernation        Hexes/Ice                    2
   c - Dazzling Spray                 Conjuration/Hexes            3
   d - Force Lance                    Conjuration/Translocation    4
   e - Orb of Destruction             Conjuration                  7
 L - a book of Fire

   Spells                             Type                      Level
   a - Ignite Poison                  Fire/Transmutation/Poison    3
   b - Fireball                       Conjuration/Fire             5
   c - Bolt of Fire                   Conjuration/Fire             6
   d - Ring of Flames                 Charms/Fire                  7
   e - Ignition                       Fire                         8
 N - Sif Muna's Handbook of Toxins and Sinister Magic
   (Sif Muna gifted it to you on level 6 of the Lair of Beasts)

   Spells                             Type                      Level
   a - Regeneration                   Charms/Necromancy            3
   b - Control Undead                 Necromancy                   4
   c - Poison Arrow                   Conjuration/Poison           6
   d - Necromutation                  Transmutation/Necromancy     8
Comestibles
 c - 10 bread rations
 g - 5 fruits
 i - a royal jelly
 w - 3 meat rations


   Skills:
 + Level 9.4 Fighting
 + Level 9.7 Maces & Flails
 + Level 9.1 Armour
 + Level 7.3 Dodging
 - Level 7.8 Stealth
 - Level 5.7 Shields
 + Level 11.0 Spellcasting
 + Level 9.1 Conjurations
 + Level 5.4 Hexes
 + Level 4.4 Fire Magic
 + Level 7.2 Ice Magic
 - Level 7.0 Air Magic
 + Level 10.0 Poison Magic
 + Level 5.6 Invocations


You had 3 spell levels left.
You knew the following spells:

 Your Spells              Type           Power        Failure   Level  Hunger
a - Fireball              Conj/Fire      #####.....   13%         5    ####...
b - Poisonous Vapours     Pois/Air       #####.       1%          2    None
c - Mephitic Cloud        Conj/Pois/Air  #####...     1%          3    None
d - Throw Icicle          Conj/Ice       #####...     2%          4    ##.....
e - Olgreb's Toxic Radia  Pois           #####...     1%          4    ##.....
f - Venom Bolt            Conj/Pois      #####.....   4%          5    ####...
g - Poison Arrow          Conj/Pois      #####.....   24%         6    ######.
h - Metabolic Englaciati  Hex/Ice        ####......   16%         5    ####...


Dungeon Overview and Level Annotations

Branches:
Dungeon (13/15)            Temple (1/1) D:7            Lair (6/6) D:11
 Shoals (2/4) Lair:4        Snake (0/4) Lair:2        Slime (0/5) Lair:6
    Orc (2/2) D:9             Elf (0/3) Orc:2
 Vaults: D:13-14

Altars:
Ashenzari
Cheibriados
Dithmenos
Elyvilon
Hepliaklqana
Kikubaaqudgha
Makhleb
Nemelex Xobeh
Okawaru
Qazlal
Sif Muna
Trog
Uskayaw
Vehumet
Xom
Yredelemnul
Zin
The Shining One
Beogh
Jiyva

Shops:
D:7 *   D:8 (   D:9 [(   D:11 ?   Orc:2 *:([

Annotations:
D:3 valhalheru's ghost, amateur HOFi
D:6 Dharilos's ghost, novice TrCK
D:8 JohnnyMnemonic's ghost, novice HOFi
Lair:3 exclusion: oklob plant
Shoals:2 exclusion: Roxanne, Roxanne


Innate Abilities, Weirdness & Mutations

You are resistant to torment.
Your stone body is resilient. (AC +11)
You are immune to poison.
Your large and strong wings let you fly indefinitely.
You resist negative energy. (rN+)
You are resistant to electric shocks. (rElec)
You can survive without breathing.
You are immune to petrification.
You are immune to rotting.
You are partially covered in icy blue scales. (AC +2)
Your flesh is heat resistant. (rF+)
Your magical capacity is low. (-10% MP)
Potions are less effective at restoring your health.


Message History

A tentacle segment bursts forth from the water. x6
The tentacle slaps you!
The tentacle slaps you but does no damage.
The tentacle closely misses you.
The tentacle slaps you but does no damage.
The tentacle misses you.
A tentacle segment bursts forth from the water. x2
The tentacle misses you.
The tentacle slaps you but does no damage.
Tentacles burst out of the water!
You block the tentacle's attack.
The tentacle slaps you! 2 tentacles come into view.
You whack the tentacle!
The tentacle is moderately wounded.
The tentacle misses you. The tentacle slaps you!
A tentacle segment bursts forth from the water. x2
The tentacle slaps you!
* * * LOW HITPOINT WARNING * * *
The tentacle slaps you!!
You die...

..≈≈≈≈.###<.≈..≈≈≈≈≈≈≈≈≈≈≈≈#
..≈≈≈≈.# #.........≈≈≈≈≈≈≈≈#
.≈≈≈≈≈.###.........≈≈X≈≈≈≈≈#
...≈≈.............*≈≈≈≈≈≈≈≈#
..........#####../*≈≈≈≈≈≈≈≈#
...##.....# ##│││≈w≈≈≈≈≈≈#
≈≈.####...# #ww│≈≈≈≈≈≈≈≈#
≈≈.# ##### #.w≈≈≈≈≈≈≈≈≈#
.≈≈# #@.....≈≈≈≈≈# .≈≈####
##......≈≈≈≈≈# ≈≈≈...#
#.....≈≈≈≈≈≈≈# ≈≈≈.#########
#..≈...≈≈≈≈≈≈# ≈≈≈..#
#..≈.###.....≈≈≈≈≈≈≈#
≈≈≈≈(###<≈≈≈.#...≈..≈≈≈≈≈≈≈#
≈≈≈≈≈>#..≈≈≈.....≈≈.≈≈≈≈≈≈≈#
≈≈≈≈≈≈..≈≈≈≈≈≈≈≈≈≈≈≈≈≈≈≈≈≈≈#
≈≈≈≈≈≈≈≈≈≈≈≈≈≈≈≈≈≈≈≈≈≈≈≈≈≈≈#


You could see a kraken and 4 tentacles.

Vanquished Creatures
  Rupert (D:12)
  Polyphemus (Shoals:1)
  Donald (Shoals:2)
  An orc warlord (Orc:2)
  Snorg (Orc:1)
  A merfolk javelineer (Shoals:1)
  A merfolk impaler (Shoals:2)
  Erolcha (D:12)
  6 hydras
  2 catoblepae
  An alligator snapping turtle (Shoals:2)
  6 two-headed ogres
  9 death yaks
  A satyr (Shoals:2)
  An orc high priest (Orc:2)
  Urug (Orc:2)
  3 sea snakes
  2 unseen horrors
  4 harpies (Shoals:2)
  4 ugly things
  3 orc knights
  6 orc sorcerers
  10 fauns
  6 cyclopes
  6 manticores
  16 elephants
  3 water nymphs
  3 merfolk sirens
  2 black mambas
  Psyche (D:12)
  2 centaur skeletons
  A gargoyle (D:12)
  24 spiny frogs
  A torpor snail (Lair:4)
  A freezing wraith (D:12)
  5 kobold demonologists
  9 komodo dragons
  7 merfolk
  A hornet (D:9)
  3 wind drakes
  3 trolls
  8 slime creatures (D:13)
  22 blink frogs
  3 tyrant leeches (Lair:6)
  26 dream sheep
  4 snapping turtles
  13 hippogriffs
  3 shadows
  A wraith (D:12)
  5 water elementals
  46 yaks
  5 wyverns
  A human (D:7)
  6 basilisks
  A steam dragon (D:12)
  A hungry ghost (D:12)
  6 vampire mosquitoes
  2 hogs (D:7)
  A warg (Orc:1)
  An acid dragon (D:12)
  4 nagas (Lair:2)
  7 porcupines
  11 water moccasins
  34 orc warriors
  A sky beast (D:8)
  A black bear (D:7)
  2 phantoms
  4 ice beasts
  An eye of draining (D:10)
  2 necrophages
  9 ogres
  10 centaurs
  11 crocodiles
  6 big kobolds
  23 bullfrogs
  Blork the orc (Orc:2)
  A gnoll sergeant (D:10)
  4 scorpions
  5 killer bees (D:11)
  A howler monkey (D:5)
  5 electric eels
  2 centaur zombies
  8 crimson imps
  6 jellies
  A bullfrog zombie (D:10)
  A gnoll shaman (D:6)
  3 hounds
  21 orc priests
  5 bullfrog skeletons
  25 orc wizards
  4 iguanas
  6 worker ants
  A worker ant zombie (D:7)
  6 gnolls
  8 adders
  4 shadow imps
  An ooze (D:7)
  3 adder skeletons
  An adder zombie (D:6)
  3 worms
  6 dart slugs
  7 leopard geckos
  83 orcs
  8 giant cockroaches
  8 goblins
  6 hobgoblins
  7 jackals
  3 quokkas
  8 bats
  2 frilled lizards
  21 kobolds
  5 rats
  A butterfly (Lair:2)
  A plant (Lair:6)
734 creatures vanquished.

Vanquished Creatures (collateral kills)
  A hungry ghost (D:7)
  A centaur (D:7)
  A killer bee (D:11)
  A worker ant zombie (D:7)
  2 jackals (D:7)
  A fungus (Lair:4)
7 creatures vanquished.

Vanquished Creatures (others)
  A worker ant (D:4)
  26 fungi
  53 plants
  2 tentacles (Shoals:2)
  2 withered plants (D:7)
84 creatures vanquished.

Grand Total: 825 creatures vanquished

Notes
Turn   | Place    | Note
-------+----------+-------------------------------------------
     0 | D:1      | JeffiDaFish the Gargoyle Venom Mage began the quest for the Orb.
     0 | D:1      | Reached XP level 1. HP: 10/10 MP: 3/3
    48 | D:1      | Reached XP level 2. HP: 12/15 MP: 0/5
   360 | D:1      | Learned a level 2 spell: Poisonous Vapours
   631 | D:1      | Reached XP level 3. HP: 13/19 MP: 0/6
  1597 | D:2      | Found a shimmering altar of Xom.
  1605 | D:2      | Found a shimmering altar of Xom.
  1605 | D:2      | Found a shimmering altar of Xom.
  1744 | D:2      | Reached XP level 4. HP: 24/24 MP: 3/8
  2253 | D:2      | Learned a level 3 spell: Mephitic Cloud
  2704 | D:3      | Reached skill level 1 in Air Magic
  2714 | D:3      | Noticed valhalheru's ghost (amateur HOFi)
  3218 | D:3      | Reached XP level 5. HP: 25/28 MP: 2/9
  3368 | D:3      | Found a glowing silver altar of Zin.
  3373 | D:3      | Found a stormy altar of Qazlal.
  3373 | D:3      | Found an iron altar of Okawaru.
  3512 | D:3      | Reached skill level 1 in Maces & Flails
  3512 | D:3      | Reached skill level 1 in Armour
  3512 | D:3      | Reached skill level 3 in Spellcasting
  3947 | D:4      | Found a snail-covered altar of Cheibriados.
  4024 | D:4      | Reached XP level 6. HP: 33/33 MP: 3/11
  4036 | D:4      | Reached skill level 1 in Fighting
  4225 | D:4      | Reached skill level 1 in Shields
  4523 | D:4      | Reached XP level 7. HP: 36/38 MP: 8/12
  4715 | D:5      | Entered Level 5 of the Dungeon
  5056 | D:5      | Found a shattered altar of Ashenzari.
  5863 | D:6      | Found a burning altar of Makhleb.
  5870 | D:6      | Noticed Dharilos's ghost (novice TrCK)
  6365 | D:6      | Found a sparkling altar of Nemelex Xobeh.
  6504 | D:6      | Learned a level 1 spell: Animate Skeleton
  6509 | D:6      | Learned a level 4 spell: Olgreb's Toxic Radiance
  6630 | D:7      | Noticed a hippogriff
  6642 | D:7      | Killed a hippogriff
  6642 | D:7      | Reached skill level 4 in Spellcasting
  6642 | D:7      | Reached XP level 8. HP: 40/44 MP: 4/14
  6849 | D:7      | Paralysed by fainting for 11 turns
  7105 | D:7      | Found Yjemej's General Store.
  7116 | D:7      | Noticed a yak
  7116 | D:7      | Noticed a yak
  7165 | D:7      | Killed a yak
  7165 | D:7      | Reached XP level 9. HP: 45/49 MP: 4/16
  7303 | D:7      | Found an ancient bone altar of Kikubaaqudgha.
  7334 | D:7      | Reached skill level 5 in Poison Magic
  7435 | D:7      | Found a staircase to the Ecumenical Temple.
  7441 | Temple   | Entered the Ecumenical Temple
  7463 | Temple   | Became a worshipper of Sif Muna the Loreminder
  7702 | D:7      | Reached skill level 5 in Spellcasting
  7899 | D:8      | Reached skill level 5 in Shields
  7901 | D:8      | Found Suachyol's Weapon Shop.
  8058 | D:8      | Reached skill level 5 in Maces & Flails
  8188 | D:8      | Found a white marble altar of Elyvilon.
  8241 | D:8      | Noticed a two-headed ogre
  8278 | D:8      | Killed a two-headed ogre
  8278 | D:8      | Reached * piety under Sif Muna
  8278 | D:8      | Reached XP level 10. HP: 42/56 MP: 5/18
  8388 | D:8      | Learned a level 4 spell: Throw Icicle
  8532 | D:8      | Noticed JohnnyMnemonic's ghost (novice HOFi)
  8637 | D:8      | Noticed a two-headed ogre
  8659 | D:8      | Killed a two-headed ogre
  8659 | D:8      | Reached skill level 6 in Spellcasting
  8877 | D:8      | Found a shadowy altar of Dithmenos.
  9267 | D:9      | Found a glowing golden altar of the Shining One.
  9366 | D:9      | Found Rirchoa's Weapon Boutique.
  9367 | D:9      | Found a staircase to the Orcish Mines.
  9427 | D:9      | Reached skill level 5 in Stealth
  9560 | D:9      | Found Obajuhaf's Armour Boutique.
  9885 | D:9      | Found a glowing golden altar of the Shining One.
  9990 | D:10     | Entered Level 10 of the Dungeon
 10238 | D:10     | Reached skill level 1 in Ice Magic
 10320 | D:10     | Reached ** piety under Sif Muna
 10428 | D:10     | Gained mutation: Your flesh is heat resistant. (rF+) [potion of mutation]
 10428 | D:10     | Gained mutation: Potions are less effective at restoring your health. [potion of mutation]
 10428 | D:10     | Gained mutation: You are partially covered in icy blue scales. (AC +2) [potion of mutation]
 11136 | D:9      | Reached XP level 11. HP: 48/62 MP: 11/20
 11498 | D:11     | Found Ejaisu Wesi's Magic Scroll Emporium.
 11637 | D:11     | Bought a scroll of brand weapon for 300 gold pieces
 11637 | D:11     | Bought a scroll of enchant weapon for 112 gold pieces
 11640 | D:11     | Noticed a five-headed hydra
 11682 | D:10     | HP: 1/62 [hornet (5)]
 11691 | D:10     | HP: 2/62 [hornet (8)]
 11857 | D:10     | You fall through a shaft!
 12082 | D:11     | Reached skill level 5 in Armour
 12100 | D:11     | Reached skill level 5 in Fighting
 12286 | D:11     | Reached skill level 7 in Spellcasting
 12296 | D:11     | Reached *** piety under Sif Muna
 12347 | D:11     | Found a staircase to the Lair.
 12537 | D:11     | Found a shadowy altar of Dithmenos.
 12550 | D:11     | Noticed a purple ugly thing
 12914 | D:10     | Killed a five-headed hydra
 13004 | D:11     | Killed a purple ugly thing
 13151 | D:11     | Noticed a two-headed ogre
 13153 | D:11     | Killed a two-headed ogre
 13286 | D:12     | Reached skill level 5 in Air Magic
 13373 | D:11     | Reached skill level 5 in Conjurations
 13439 | Lair:1   | Entered Level 1 of the Lair of Beasts
 13574 | Lair:1   | Reached XP level 12. HP: 47/68 MP: 13/23
 14387 | Lair:2   | Reached **** piety under Sif Muna
 14387 | Lair:2   | Reached skill level 5 in Dodging
 14587 | Lair:2   | Reached skill level 8 in Spellcasting
 14973 | Lair:2   | Noticed an eight-headed hydra
 14987 | Lair:2   | Killed an eight-headed hydra
 15266 | Lair:2   | Learned a level 5 spell: Venom Bolt
 15401 | Lair:2   | Learned a level 3 spell: Confuse
 15407 | Lair:2   | Learned a level 5 spell: Metabolic Englaciation
 15803 | Lair:2   | Reached XP level 13. HP: 75/75 MP: 9/25
 15810 | Lair:2   | Found a staircase to the Snake Pit.
 17860 | Lair:4   | Found a staircase to the Shoals.
 18546 | Lair:4   | Found a runed door.
 19630 | Lair:5   | Reached ***** piety under Sif Muna
 19879 | Lair:6   | Entered Level 6 of the Lair of Beasts
 19889 | Lair:6   | Found a labyrinth entrance.
 19908 | Lair:6   | Reached skill level 1 in Hexes
 19942 | Lair:6   | Reached skill level 1 in Invocations
 19957 | Lair:6   | Reached skill level 5 in Ice Magic
 20068 | Lair:5   | Identified Raluidghe's Disquisition on Excruciating Curses (Sif Muna gifted it to you on level 5 of the Lair of Beasts)
 20068 | Lair:5   | Received a gift from Sif Muna
 20068 | Lair:5   | Reached skill level 9 in Spellcasting
 21756 | Lair:6   | Gained mutation: Your large and strong wings let you fly indefinitely. [Gargoyle growth]
 21756 | Lair:6   | Reached XP level 14. HP: 82/82 MP: 12/27
 21993 | Lair:5   | Learned a level 5 spell: Fireball
 22453 | Lair:6   | Found a viscous altar of Jiyva.
 22454 | Lair:6   | Found a staircase to the Slime Pits.
 22954 | Lair:6   | Reached skill level 1 in Fire Magic
 25139 | Lair:6   | Identified Sif Muna's Handbook of Toxins and Sinister Magic (Sif Muna gifted it to you on level 6 of the Lair of Beasts)
 25139 | Lair:6   | Received a gift from Sif Muna
 25362 | Orc:1    | Entered Level 1 of the Orcish Mines
 25699 | Orc:2    | Entered Level 2 of the Orcish Mines
 25718 | Orc:2    | Noticed Snorg
 25894 | Orc:1    | Killed Snorg
 26678 | Orc:2    | Noticed Urug
 26754 | Orc:2    | Reached skill level 10 in Spellcasting
 26763 | Orc:2    | Killed Urug
 26982 | Orc:2    | Noticed an orc warlord
 27185 | Orc:2    | Gained mutation: Your magical capacity is low. (-10% MP) [a neqoxec]
 27571 | Orc:1    | Reached XP level 15. HP: 88/88 MP: 10/26
 27928 | Orc:2    | Killed an orc warlord
 28301 | Orc:2    | Learned a level 6 spell: Poison Arrow
 28309 | Orc:2    | Found a roughly hewn altar of Beogh.
 28322 | Orc:2    | Noticed Blork the orc
 28348 | Orc:2    | Killed Blork the orc
 28777 | Orc:2    | Found Wehunkoe's General Store.
 28785 | Orc:2    | Found Ibuf's Book Shop.
 28792 | Orc:2    | Found Voos's Antique Armour Shop.
 28816 | Orc:2    | Bought a book of Fire for 1170 gold pieces
 28843 | Orc:2    | Found a staircase to the Elven Halls.
 29185 | Orc:2    | Found Feishrim's Antique Weapon Shop.
 29452 | Shoals:1 | Entered Level 1 of the Shoals
 29918 | D:12     | Noticed Psyche
 29931 | D:12     | Killed Psyche
 30061 | D:12     | Noticed Erolcha
 30067 | D:12     | Killed Erolcha
 30295 | D:12     | Noticed Rupert
 30323 | D:12     | Killed Rupert
 30396 | D:12     | Identified Sif Muna's Grimoire of the Death Scarab (Sif Muna gifted it to you on level 12 of the Dungeon)
 30396 | D:12     | Received a gift from Sif Muna
 33400 | Shoals:1 | Reached skill level 5 in Invocations
 33599 | Shoals:2 | Noticed Donald
 33628 | Shoals:2 | Killed Donald
 33628 | Shoals:2 | Reached XP level 16. HP: 96/96 MP: 9/27
 33859 | Shoals:2 | Reached skill level 5 in Hexes
 34028 | Shoals:2 | Noticed Polyphemus
 34236 | Shoals:1 | Killed Polyphemus
 35036 | Shoals:2 | Reached skill level 11 in Spellcasting
 35353 | Shoals:2 | Noticed Roxanne
 35470 | Shoals:2 | Reached skill level 10 in Poison Magic
 35559 | Shoals:2 | Noticed a kraken
 35574 | Shoals:2 | Slain by a tentacle

Skill      XL: |  1  2  3  4  5  6  7  8  9 10 11 12 13 14 15 16 |
---------------+-------------------------------------------------+-----
Air Magic      | 1 2 3 4 5 6 7 |  7.0
Maces & Flails | 1 2 3 4 5 6 7 8 9 |  9.7
Armour         | 1 2 3 4 5 6 7 8 9 |  9.1
Spellcasting   | 3 4 5 6 7 8 9 10 11 | 11.0
Poison Magic   | 4 5 6 7 8 9 10 | 10.0
Fighting       | 1 2 3 4 5 6 7 8 9 |  9.4
Dodging        | 2 3 4 5 6 7 |  7.3
Shields        | 1 3 4 5 |  5.7
Stealth        | 3 4 5 6 7 |  7.8
Conjurations   | 2 3 5 6 7 8 9 |  9.1
Ice Magic      | 1 3 4 5 6 7 |  7.2
Hexes          | 2 3 4 5 |  5.4
Invocations    | 2 3 5 |  5.6
Fire Magic     | 2 4 |  4.4

Action                   |  1- 3 |  4- 6 |  7- 9 | 10-12 | 13-15 | 16-18 || total
-------------------------+-------+-------+-------+-------+-------+-------++-------
Melee: Unarmed           |    22 |       |       |       |       |       ||    22
       Whip              |    34 |   154 |   278 |   783 |  1660 |   220 ||  3129
 Cast: Sting             |    21 |     6 |     2 |       |       |       ||    29
       Poisonous Vapours |    28 |    35 |    32 |   107 |   213 |     4 ||   419
       Mephitic Cloud    |       |     7 |    18 |    55 |   110 |    28 ||   218
       Animate Skeleton  |       |       |     2 |       |       |       ||     2
       Throw Icicle      |       |       |       |    50 |   166 |     5 ||   221
       Olgreb's Toxic Ra |       |       |       |    11 |    47 |     3 ||    61
       Confuse           |       |       |       |       |     3 |       ||     3
       Venom Bolt        |       |       |       |       |     8 |       ||     8
       Poison Arrow      |       |       |       |       |    23 |    15 ||    38
       Fireball          |       |       |       |       |     7 |     6 ||    13
       Metabolic Englaci |       |       |       |       |     1 |       ||     1
Invok: Divine Energy     |       |       |       |     1 |       |       ||     1
       Forget Spell      |       |       |       |     1 |     1 |       ||     2
 Abil: Fly               |       |       |       |       |     1 |       ||     1
  Use: Potion            |     5 |     1 |     4 |     4 |     1 |       ||    15
       Scroll            |     3 |     8 |    10 |    12 |    14 |     1 ||    48
 Stab: Sleeping          |       |     1 |     2 |     3 |     7 |     1 ||    14
       Confused          |       |     2 |     9 |    29 |    79 |     7 ||   126
       Distracted        |       |       |       |     1 |     2 |       ||     3
  Eat: Chunk             |     5 |    12 |    14 |    29 |    68 |    14 ||   142
       Royal jelly       |       |       |     1 |       |    11 |       ||    12
       Fruit             |       |       |     1 |     1 |       |       ||     2
       Meat ration       |       |       |       |     1 |       |       ||     1
Armor: Robe              |    17 |       |       |       |       |       ||    17
       Leather armour    |    16 |    51 |    83 |   232 |   411 |    60 ||   853
Dodge: Dodged            |    54 |    81 |    99 |   400 |   917 |   139 ||  1690
Block: Buckler           |       |    15 |    50 |   159 |   278 |    42 ||   544
